 Dungeon Crawl Stone Soup version 0.28-a0-206-gc2c9e32840 (webtiles) character file.

Game seed: 56189673084086599

11 tatocazan the Sneak (level 2, 0/22 HPs)
             Began as a Naga Enchanter on Aug 20, 2021.
             Slain by a hobgoblin (2 damage)
             ... on level 1 of the Dungeon.
             The game lasted 00:00:54 (464 turns).

tatocazan the Sneak (Naga Enchanter)                 Turns: 464, Time: 00:00:54

Health: 0/22       AC:  1    Str: 10    XL:     2   Next: 29%
Magic:  5/5        EV: 10    Int: 15    God:
Gold:   13         SH:  0    Dex: 11    Spells: 5/5 levels left

rFire   . . .      SeeInvis +   a - +1 dagger
rCold   . . .      Faith    .   (no shield)
rNeg    . . .      Spirit   .   b - +0 robe
rPois   +          Reflect  .   (no helmet)
rElec   .          Harm     .   (no cloak)
rCorr   .          Rampage  .   (no gloves)
Will    .....                   (no barding)
Stlth   +++.......              (no amulet)
HPRegen 0.07/turn               (no ring)
MPRegen 0.09/turn               (no ring)

@: short of breath, very slow
A: AC +0, large, see invisible, deformed body, poison resistance, slowness 2,
spit poison 1, naga tail 1
a: Spit Poison


You were on level 1 of the Dungeon.
You visited 1 branch of the dungeon, and saw 1 of its levels.

You collected 13 gold pieces.

Inventory:

Hand Weapons
 a - a +1 dagger (weapon)
Armour
 b - a +0 robe (worn)
Jewellery
 d - a +6 ring of intelligence
Potions
 c - a potion of invisibility


   Skills:
 * Level 1.3 Short Blades
 + Level 1.7 Dodging
 + Level 4.6 Stealth
 + Level 2.1 Spellcasting
 + Level 3.1 Hexes


You had 5 spell levels left.
You didn't know any spells.
Your spell library contained the following spells:

 Spells                   Type           Power      Damage    Failure   Level
 Ensorcelled Hibernation  Hex/Ice        12%        N/A       17%         2
 Confusing Touch          Hex            11%        N/A       19%         3
 Tukima's Dance           Hex            11%        N/A       19%         3
 Dazzling Flash           Conj/Hex       12%        N/A       34%         3


Dungeon Overview and Level Annotations

Branches:
Dungeon (1/15)

Altars:


Innate Abilities, Weirdness & Mutations

Your serpentine skin is tough. (AC +0)
You have supernaturally acute eyesight. (SInv)
Armour fits poorly on your strangely shaped body.
Your system is resistant to poisons. (rPois)
You cover ground very slowly.
You can spit poison.
You have a snake-like lower body.


Message History

The ball python barely misses you. The ball python bites you.
You take 2 damage, and have 10/22 hp.
Press: ? - help, Shift-Dir - straight line, f - ball python
Aim: a ball python The splash of poison hits the ball python.
The ball python is poisoned.
You kill the ball python!
You hit the ball python.
The ball python is moderately wounded.
The ball python bites you.
You take 1 damage, and have 9/22 hp.
You hit the ball python.
You kill the ball python!
You completely miss the hobgoblin. The hobgoblin misses you.
You completely miss the hobgoblin. The hobgoblin hits you.
You take 1 damage, and have 8/22 hp.
You barely miss the hobgoblin. The hobgoblin barely misses you.
You barely miss the hobgoblin. The hobgoblin hits you.
* * * LOW HITPOINT WARNING * * *
You take 2 damage, and have 6/22 hp.
You can't do that yet.
Unknown command.
You hit the hobgoblin but do no damage.
You have got your breath back.
The hobgoblin barely misses you.
You hit the hobgoblin.
The hobgoblin is lightly wounded.
The hobgoblin hits you.
* * * LOW HITPOINT WARNING * * *
You take 5 damage, and have 1/22 hp.
MASSIVE DAMAGE!!
You hit the hobgoblin.
The hobgoblin is severely wounded.
The hobgoblin misses you.
Press: ? - help, Shift-Dir - straight line, f - hobgoblin
Aim: a hobgoblin (severely wounded)
The splash of poison hits the hobgoblin.
The hobgoblin is almost dead.
The hobgoblin hits you.
You die...

........#..#.####.# #.#
###...###..#.# ### #.#
......###..#.# #.#
.......##....## #.#
....†#.#......# #.#
..............#########.#
..............##.>......#
..............##.########
#######.......##@#
##.#+#####g# #.#.# #.#
#####.#.# #.### #.......#
#...# #.......# ####.###
#.......# #......#
#.......# #.##.#.#
#.....#.# # ..#.#


You could see a hobgoblin.

Vanquished Creatures
  A dart slug (D:1)
  A bat (D:1)
  An endoplasm (D:1)
  A giant cockroach (D:1)
  A hobgoblin (D:1)
  A quokka (D:1)
  2 ball pythons (D:1)
  A rat (D:1)
9 creatures vanquished.

Notes
Turn   | Place    | Note
-------+----------+-------------------------------------------
     0 | D:1      | tatocazan the Naga Enchanter began the quest for the Orb.
     0 | D:1      | Reached XP level 1. HP: 15/15 MP: 3/3
   275 | D:1      | Reached XP level 2. HP: 13/22 MP: 5/5
   462 | D:1      | HP: 1/22 [hobgoblin (5)]
   464 | D:1      | Slain by a hobgoblin

Illustrated notes

Levels and vault maps discovered:
D:1:      lordsloth_arrival_two_stooges, layout_basic

Action                   || total
-------------------------++-------
Melee: Dagger            ||    28
 Abil: Spit Poison       ||     4
 Stab: Sleeping          ||     2
Armor: Robe              ||     5
Dodge: Dodged            ||    15

Table legend: (Time is in decaauts)
 A = Elapsed time spent in this place.
 B = Non-inter-level travel time spent in this place.
 C = Inter-level travel time spent in this place.
 D = Time resting spent in this place.
 E = Time spent auto-exploring this place.
 F = Levels seen in this place.
 G = Mean time per level.
                   A        B        C        D        E       F      G
               +--------+--------+--------+--------+--------+-----+--------+
         Total |    525 |    525 |      0 |    260 |    161 |   1 |  525.0 |
       Dungeon |    525 |    525 |      0 |    260 |    161 |   1 |  525.0 |
               +--------+--------+--------+--------+--------+-----+--------+

Top non-repeatable levels by time:
     D:1: 525 daAuts
